 Dungeon Crawl Stone Soup version 0.30-a0-782-ge64f9170bb (webtiles) character file.

Game seed: 10270549882842495793

419 IndexError the Shooter (level 6, 0/34 HPs)
             Began as a Gargoyle Hexslinger on Feb 22, 2023.
             Slain by Blork the orc
             ... wielding a +0 hand axe
              (4 damage)
             ... on level 4 of the Dungeon.
             The game lasted 00:11:06 (3474 turns).

IndexError the Shooter (Gargoyle Hexslinger)        Turns: 3474, Time: 00:11:07

Health: 0/34       AC:  8    Str: 13    XL:     6   Next: 93%
Magic:  1/7        EV: 11    Int: 14    God:
Gold:   181        SH:  0    Dex: 12    Spells: 6/7 levels left

rFire   . . .      SeeInvis .    a - +1 sling
rCold   . . .      Faith    .    (no shield)
rNeg    + . .      Spirit   .    y - +0 leather armour {Will+}
rPois   ∞          Reflect  .    (no helmet)
rElec   +          Harm     .    (no cloak)
rCorr   .          Rampage  .    n - +0 pair of gloves
Will    +....                    (no boots)
Stlth   +                        (no amulet)
HPRegen 0.25/turn                (no ring)
MPRegen 0.10/turn                (no ring)

@: no status effects
A: sickness immunity, AC +4, negative energy resistance 1, electricity
resistance, torment resistance 1, petrification resistance
a: no special abilities


You were on level 4 of the Dungeon.
You visited 1 branch of the dungeon, and saw 4 of its levels.

You collected 181 gold pieces.

Inventory:

Hand Weapons
 a - a +1 sling (weapon)
Missiles
 f - 2 throwing nets {=f, !d}
Armour
 c - a +0 robe
 k - a +0 pair of gloves
   (You found it on level 1 of the Dungeon)
 m - a +0 robe
   (You found it on level 2 of the Dungeon)
 n - a +0 pair of gloves (worn)
   (You found it on level 2 of the Dungeon)
 p - a +0 robe
   (You found it on level 2 of the Dungeon)
 q - a +0 robe
   (You took it off Sigmund on level 2 of the Dungeon)
 u - a +0 robe
   (You took it off an orc wizard on level 2 of the Dungeon)
 w - a +0 scale mail
   (You took it off an orc on level 3 of the Dungeon)
 y - a +0 leather armour of willpower (worn)
   (You took it off an orc on level 3 of the Dungeon)
Wands
 r - a wand of polymorph (5)
   (You took it off Sigmund on level 2 of the Dungeon)
Scrolls
 b - 2 scrolls of poison
 e - 3 scrolls of amnesia {unknown}
 h - 5 scrolls of teleportation {unknown}
 j - a scroll of immolation {unknown}
 s - a scroll of identify {unknown}
 t - a scroll of magic mapping {unknown}
Potions
 d - 2 potions of heal wounds {unknown}
 g - 2 potions of haste {unknown}
 i - a potion of curing {unknown}
 l - 2 potions of degeneration {unknown}
 o - a potion of flight {unknown}
 v - a potion of berserk rage {unknown}
 x - a potion of invisibility {unknown}


   Skills:
 - Level 1.1 Fighting
 * Level 6.0 Ranged Weapons
 - Level 1.5 Dodging
 - Level 1.0 Spellcasting
 + Level 4.4 Hexes


You had 6 spell levels left.
You knew the following spells:

 Your Spells              Type           Power      Damage    Failure   Level
s - Slow                  Hex            52%        N/A       5%          1

Your spell library contained the following spells:

 Spells                   Type           Power      Damage    Failure   Level
 Foxfire                  Conj/Fire      0%         2x1d4     32%         1
 Inner Flame              Hex/Fire       6%         N/A       38%         3
 Portal Projectile        Hex/Tloc       12%        N/A       38%         3
 Cause Fear               Hex            6%         N/A       47%         4
 Fireball                 Conj/Fire      0%         3d3       100%        5
 Starburst                Conj/Fire      0%         6d3       100%        6


Dungeon Overview and Level Annotations

Branches:
Dungeon (4/15)
 Temple: D:4-7

Altars:
Ashenzari
Elyvilon
Ru
Sif Muna
Vehumet
Wu Jian
Yredelemnul
Zin

Annotations:
D:4 Blork the orc


Innate Abilities, Weirdness & Mutations

You are immune to sickness and miasma.
Your stone body is resilient. (AC +4)
You are immune to poison.
You resist negative energy. (rN+)
You are resistant to electric shocks. (rElec)
You are resistant to unholy torment.
You are immune to petrification.


Message History

Blork the orc resists with some effort.
The endoplasm freezes you.
You are frozen.
Blork the orc mumbles some strange words.
Blork the orc seems to speed up.
Spoiler Alert: Blork the orc (fast) can cast Haste, Throw Frost, Throw Flame, and go Invisible!
You take 2 damage, and have 14/34 hp.
You now have 5/7 mp.
Casting: Slow (safe; 5% risk of failure)
Confirm with . or Enter, or press ? or * to list all spells.
Aiming: Slow (safe; 5% risk of failure)
Press: ? - help, Shift-Dir - straight line, f/p - Blork the orc
Aim: Blork the orc, wielding a +0 hand axe and wearing a +0 robe (almost dead, fast, chance to affect: 47%) Blork the orc resists with some effort.
The endoplasm misses you. Blork the orc closely misses you.
Spoiler Alert: Blork the orc (fast) can cast Haste, Throw Frost, Throw Flame, and go Invisible!
You now have 4/7 mp.
Casting: Slow (safe; 5% risk of failure)
Confirm with . or Enter, or press ? or * to list all spells.
Aiming: Slow (safe; 5% risk of failure)
Press: ? - help, Shift-Dir - straight line, f/p - Blork the orc
Aim: Blork the orc, wielding a +0 hand axe and wearing a +0 robe (almost dead, fast, chance to affect: 47%) Blork the orc resists with some effort.
Blork the orc hits you with a +0 hand axe.
The endoplasm hits you but does no damage.
Blork the orc hits you but does no damage.
Spoiler Alert: Blork the orc (fast) can cast Haste, Throw Frost, Throw Flame, and go Invisible!
You take 2 damage, and have 12/34 hp.
You now have 3/7 mp.
Casting: Slow (safe; 5% risk of failure)
Confirm with . or Enter, or press ? or * to list all spells.
Aiming: Slow (safe; 5% risk of failure)
Press: ? - help, Shift-Dir - straight line, f/p - Blork the orc
Aim: Blork the orc, wielding a +0 hand axe and wearing a +0 robe (almost dead, fast, chance to affect: 47%) Blork the orc resists with some effort.
The endoplasm hits you.
Blork the orc gestures at you while chanting.
The magic dart hits you.
* * * LOW HITPOINT WARNING * * *
Spoiler Alert: Blork the orc (fast) can cast Haste, Throw Frost, Throw Flame, and go Invisible!
You take 2 damage, and have 10/34 hp.
You now have 2/7 mp.
Casting: Slow (safe; 5% risk of failure)
Confirm with . or Enter, or press ? or * to list all spells.
Aiming: Slow (safe; 5% risk of failure)
Press: ? - help, Shift-Dir - straight line, f/p - Blork the orc
Aim: Blork the orc, wielding a +0 hand axe and wearing a +0 robe (almost dead, fast, chance to affect: 47%) Blork the orc resists with some effort.
Blork the orc hits you but does no damage.
The endoplasm barely misses you. Blork the orc barely misses you.
Spoiler Alert: Blork the orc (fast) can cast Haste, Throw Frost, Throw Flame, and go Invisible!
You now have 1/7 mp.
Casting: Slow (safe; 5% risk of failure)
Confirm with . or Enter, or press ? or * to list all spells.
Aiming: Slow (safe; 5% risk of failure)
Press: ? - help, Shift-Dir - straight line, f/p - Blork the orc
Aim: Blork the orc, wielding a +0 hand axe and wearing a +0 robe (almost dead, fast, chance to affect: 47%) Blork the orc seems to slow down.
The endoplasm freezes you.
You are frozen.
* * * LOW HITPOINT WARNING * * *
Blork the orc closely misses you.
Spoiler Alert: Blork the orc (fast, slow) can cast Haste, Throw Frost, Throw Flame, and go Invisible!
You take 2 damage, and have 8/34 hp.
You now have 0/7 mp.
Fire: a) +1 sling
Press: ? - help, Q - select action Shift-Dir - straight line, f/p - Blork the orc
Aim: Blork the orc, wielding a +0 hand axe and wearing a +0 robe (almost dead, fast, slow, 63% to hit)
You shoot a sling bullet. The sling bullet hits Blork the orc.
The endoplasm barely misses you.
Blork the orc hits you but does no damage.
The endoplasm hits you but does no damage.
Spoiler Alert: Blork the orc (fast, slow) can cast Haste, Throw Frost, Throw Flame, and go Invisible!
Fire: a) +1 sling
Press: ? - help, Q - select action Shift-Dir - straight line, f/p - Blork the orc
Aim: Blork the orc, wielding a +0 hand axe and wearing a +0 robe (almost dead, fast, slow, 63% to hit)
You shoot a sling bullet.
The sling bullet hits Blork the orc but does no damage.
Blork the orc completely misses you. The endoplasm closely misses you.
Spoiler Alert: Blork the orc (fast, slow) can cast Haste, Throw Frost, Throw Flame, and go Invisible!
Fire: a) +1 sling
Press: ? - help, Q - select action Shift-Dir - straight line, f/p - Blork the orc
Aim: Blork the orc, wielding a +0 hand axe and wearing a +0 robe (almost dead, fast, slow, 63% to hit)
You shoot a sling bullet.
The sling bullet closely misses Blork the orc.
Blork the orc hits you with a +0 hand axe.
* * * LOW HITPOINT WARNING * * *
The endoplasm hits you but does no damage.
Spoiler Alert: Blork the orc (fast, slow) can cast Haste, Throw Frost, Throw Flame, and go Invisible!
You take 3 damage, and have 6/34 hp.
Fire: a) +1 sling
Press: ? - help, Q - select action Shift-Dir - straight line, f/p - Blork the orc
Aim: Blork the orc, wielding a +0 hand axe and wearing a +0 robe (almost dead, fast, slow, 63% to hit)
You shoot a sling bullet.
The sling bullet closely misses Blork the orc.
Blork the orc hits you but does no damage.
The endoplasm hits you.
* * * LOW HITPOINT WARNING * * *
Fire: a) +1 sling
Press: ? - help, Q - select action Shift-Dir - straight line, f/p - Blork the orc
Aim: Blork the orc, wielding a +0 hand axe and wearing a +0 robe (almost dead, fast, slow, 63% to hit)
You shoot a sling bullet.
The sling bullet closely misses Blork the orc.
Blork the orc hits you with a +0 hand axe.
You die...

.[... .. ......
... #+##...
....... .......
.......
#+######.......
......o@.......
........J.....$
...............
..........[....
...#########!..
.. .. . .


You could see Blork the orc (fast, slow) and an endoplasm.

Vanquished Creatures
  Sigmund (D:2)
  An orc priest (D:3)
  An orc wizard (D:2)
  8 gnolls
  5 adders
  A worm (D:2)
  2 dart slugs (D:2)
  3 orcs
  5 bats
  4 endoplasms
  2 giant cockroaches (D:2)
  12 goblins
  8 hobgoblins
  7 jackals
  8 kobolds
  4 quokkas
  A ball python (D:1)
  5 frilled lizards
  11 rats
89 creatures vanquished.

Notes
Turn   | Place    | Note
-------+----------+-------------------------------------------
     0 | D:1      | IndexError the Gargoyle Hexslinger began the quest for the
                  | Orb.
     0 | D:1      | Reached XP level 1. HP: 12/12 MP: 2/2
    78 | D:1      | Reached XP level 2. HP: 16/16 MP: 3/3
   410 | D:1      | Reached skill level 3 in Hexes
   552 | D:1      | Reached skill level 3 in Ranged Weapons
   579 | D:1      | Reached XP level 3. HP: 20/20 MP: 4/4
   839 | D:1      | You fall into a shaft and drop 1 floor!
   955 | D:2      | Found a shimmering blue altar of Sif Muna.
  1182 | D:2      | Reached XP level 4. HP: 24/25 MP: 5/5
  1281 | D:2      | Noticed Sigmund
  1513 | D:2      | Killed Sigmund
  1514 | D:2      | Reached skill level 5 in Ranged Weapons
  1514 | D:2      | Reached XP level 5. HP: 29/29 MP: 4/6
  1599 | D:2      | Reached skill level 4 in Hexes
  1614 | D:2      | Reached XP level 6. HP: 34/34 MP: 5/7
  2322 | D:3      | Found a sacrificial altar of Ru.
  2325 | D:3      | Found a basalt altar of Yredelemnul.
  2325 | D:3      | Found a white marble altar of Elyvilon.
  2326 | D:3      | Found a glowing silver altar of Zin.
  2326 | D:3      | Found a broken altar of Ashenzari.
  2326 | D:3      | Found an ornate altar of the Wu Jian Council.
  2344 | D:3      | HP: 5/34 [gnoll/+0 spear (8)]
  2374 | D:3      | HP: 7/34 [gnoll/+0 spear (6)]
  2877 | D:3      | Found a radiant altar of Vehumet.
  3100 | D:3      | Reached skill level 6 in Ranged Weapons
  3453 | D:4      | Noticed Blork the orc
  3469 | D:4      | HP: 8/34 [frozen (2)]
  3474 | D:4      | Slain by Blork the orc

Illustrated notes

Levels and vault maps discovered:
D:1:      wander_arrival_desolate, layout_loops_cross, serial_co_window_serial,
          co_window_corner_a, co_window_corner_a, co_window_corner_a,
          co_window_paths_b, co_window_corner_a, co_window_paths_c,
          co_window_cross_3, co_window_unsneaky_path_e, co_window_broadway_c,
          glass_columns_b, glass_columns_a
D:2:      layout_rooms, basic_altar, minmay_goblin_kobold_house, uniq_sigmund
D:3:      layout_loops_ring, vehumet_crystals, grunt_temple_overflow_open
D:4:      layout_gridville, grunt_ministairs_9, uniq_blork_the_orc

Skill      XL: |  1  2  3  4  5  6 |
---------------+-------------------+-----
Hexes          | 3 4 |  4.4
Ranged Weapons | 3 5 6 |  6.0
Fighting       | |  1.1
Dodging        | |  1.5
Spellcasting   | |  1.0

Action                     |  1- 3 |  4- 6 || total
---------------------------+-------+-------++-------
   Fire: Sling             |   136 |   311 ||   447
   Cast: Slow              |     1 |    38 ||    39
 Armour: Robe              |    23 |    43 ||    66
         Skin              |       |    10 ||    10
         Leather armour    |       |     8 ||     8
  Dodge: Dodged            |    52 |   126 ||   178

Table legend: (Time is in decaauts)
 A = Elapsed time spent in this place.
 B = Non-inter-level travel time spent in this place.
 C = Inter-level travel time spent in this place.
 D = Time resting spent in this place.
 E = Time spent auto-exploring this place.
 F = Levels seen in this place.
 G = Mean time per level.
                   A        B        C        D        E       F      G
               +--------+--------+--------+--------+--------+-----+--------+
         Total |   3562 |   3401 |    161 |      0 |   2428 |   4 |  890.5 |
       Dungeon |   3562 |   3401 |    161 |      0 |   2428 |   4 |  890.5 |
               +--------+--------+--------+--------+--------+-----+--------+

Top non-repeatable levels by time:
     D:3: 1266 daAuts
     D:2: 1228 daAuts
     D:1: 1042 daAuts
     D:4: 24 daAuts

Table legend:
 A = Kills in this place as a percentage of kills in entire the game.
 B = Kills by you in this place as a percentage of kills by you in the entire game.
 C = Kills by friends in this place as a percentage of kills by friends in the entire game.
 D = Other kills in this place as a percentage of other kills in the entire game.
 E = Experience gained in this place as a percentage of experience gained in the entire game.
 F = Experience gained in this place divided by the number of levels of this place that you have seen.
                   A       B       C       D       E      F
               +-------+-------+-------+-------+-------+----------------------
         Total | 100.0 | 100.0 |   N/A |   N/A | 100.0 | 149.8
       Dungeon | 100.0 | 100.0 |   N/A |   N/A | 100.0 | 149.8
               +-------+-------+-------+-------+-------+----------------------
